AoeStats
← thecal

Arena

509907437Analyzed
2v2 RM · 5d ago on Sep 28, 2026· 48m 21s· 4 players
Game mode
Random Map
Map size
Medium (4 player)
Population
200
Speed
Normal
Resources
Standard
Victory
Conquest
Starting age
Dark Age
Ending age
Imperial Age
RankedLock teamsTeams togetherTeam positionsShared explorationLock speedFull tech treeHidden civsTurbo modeCheats
Victory
Defeat
🇹🇷 Italians · Türkiye
814
+15
🇹🇷 Spanish · Türkiye
814
+15
🇪🇸 Goths · Spain
809
-16
🇨🇴 Byzantines · Colombia
758
-14
arruchador123
9:23 Loom
18:36 Feudal Age
19:10 Horse Collar
19:20 Double-Bit Axe
19:28 Gold Mining
19:32 Stone Mining
23:29 Castle Age
26:34 Anarchy
27:19 Heavy Plow
27:33 Bow Saw
29:46 Fletching
29:57 Padded Archer Armor
30:01 Scale Mail Armor
30:13 Forging
31:52 Elite Skirmisher
32:32 Bodkin Arrow
34:38 Leather Archer Armor
David19913038
13:14 Feudal Age
13:42 Double-Bit Axe
13:40 Horse Collar
19:53 Castle Age
17:40 Man-at-Arms
19:36 Gold Mining
20:52 Heavy Plow
21:07 Bow Saw
27:29 Gold Shaft Mining
26:44 Stone Mining
28:46 Stone Mining
31:27 Loom
32:17 Wheelbarrow
32:04 Husbandry
31:25 Light Cavalry
34:02 Scale Barding Armor
35:43 Ballistics
35:19 Murder Holes
36:44 Chain Barding Armor
39:48 Imperial Age
37:22 Fletching
37:43 Forging
42:34 Conscription
43:35 Bodkin Arrow
45:26 Plate Barding Armor
44:43 Elite Cataphract
45:25 Greek Fire
45:34 Greek Fire
47:56 Bracer
thecal
8:25 Loom
10:31 Feudal Age
11:48 Horse Collar
16:21 Castle Age
15:03 Double-Bit Axe
15:33 Horse Collar
16:33 Gold Mining
18:55 Stone Mining
22:14 Forging
26:17 Man-at-Arms
27:53 Bow Saw
27:56 Heavy Plow
27:26 Long Swordsman
30:37 Wheelbarrow
30:06 Scale Mail Armor
30:16 Forging
30:18 Pikeman
30:58 Squires
36:11 Imperial Age
35:28 Chain Mail Armor
35:48 Iron Casting
38:16 Silk Road
39:45 Plate Mail Armor
40:15 Blast Furnace
39:17 Padded Archer Armor
39:07 Fletching
39:04 Capped Ram
40:33 Conscription
40:47 Hand Cart
41:47 Two-Man Saw
40:18 Pikeman
41:48 Two-Handed Swordsman
45:17 Champion
özürlü31
10:58 Feudal Age
16:59 Castle Age
16:19 Double-Bit Axe
18:02 Bow Saw
18:59 Horse Collar
19:24 Stone Mining
19:46 Heavy Plow
23:19 Stone Shaft Mining
27:01 Wheelbarrow
28:16 Hand Cart
28:22 Gold Mining
29:05 Ballistics
28:35 Loom
28:37 Town Watch
31:11 Fletching
31:26 Padded Archer Armor
35:18 Imperial Age
32:57 Bodkin Arrow
36:56 Bracer
37:11 Leather Archer Armor
36:26 Elite Conquistador
41:03 Chemistry
44:12 Ring Archer Armor
Connection lost

Rejoining the realm…

Still unreachable

The connection could not be restored.

Session expired

The server has moved on; the page needs a fresh start.